 Dungeon Crawl Stone Soup version 0.14.1-26-g5a19342 (webtiles) character file.

2522 effractur the Basher (level 9, -7/118 HPs)
             Began as a Minotaur Fighter on July 23, 2014.
             Was an Initiate of Okawaru.
             Killed by divine providence
             ... invoked by an orc priest
              (13 damage)
             ... on Level 8 of the Dungeon.
             The game lasted 00:29:28 (6463 turns).

effractur the Basher (Minotaur Fighter)             Turns: 6463, Time: 00:29:28

HP  -7/118       AC 31     Str 29      XL: 9   Next: 14%
MP   4/4         EV  1     Int  5      God: Okawaru [......]
Gold 280         SH 19     Dex  8 (9)  Spells:  0 memorised,  8 levels left

rFire  . . .     SeeInvis .     a - +1,+2 mace (protect)
rCold  . . .     Clarity  .     e - melded +0 plate armour
rNeg   + + +     Conserve .     c - +0 shield
rPois  +         rCorr    .     m - +2 hat
rElec  .         rRot     .     z - melded +1 cloak {rCorr, Cons}
SustAb . .       Spirit   .     r - melded +0 pair of gloves
rMut   .         Warding  .     (boots currently unavailable)
Saprov . . .     Stasis   +     x - amulet of stasis
MR     .....                    k - ring of poison resistance
                                s - +4 ring of strength

@: tree-form, not resistant to hostile enchantments, very unstealthy
A: (retaliatory headbutt), (horns 0)
a: Renounce Religion


You were on level 8 of the Dungeon.
You worshipped Okawaru.
Okawaru was noncommittal.
You were not hungry.
You were an animated tree.
You visited 2 branches of the dungeon, and saw 9 of its levels.

You collected 391 gold pieces.
You spent 111 gold pieces at shops.

Inventory:

Hand weapons
 a - a +1,+2 mace of protection (weapon)
 b - a +3 blowgun
Missiles
 v - 42 poisoned needles
Armour
 c - a +0 shield (worn)
 d - a +1 scale mail of cold resistance
 e - a +0 plate armour (melded)
 m - a +2 hat (worn)
 r - a +0 pair of gloves (melded)
 z - a +1 cloak of preservation (melded)
Magical devices
 p - a wand of slowing (20)
 q - a wand of random effects (4) {unknown}
 M - a wand of frost (12) {unknown}
Comestibles
 n - a pear
 o - 6 meat rations
 A - an apricot
 O - 2 rotting chunks of orc flesh
 P - 3 rotting chunks of worker ant flesh
 S - a chunk of worm flesh
Scrolls
 f - a scroll of random uselessness
 i - 3 scrolls of teleportation {unknown}
 l - a scroll of remove curse
 y - a scroll of summoning {unknown}
 D - 2 scrolls of recharging
 E - a scroll of amnesia {unknown}
 H - 2 scrolls of fear
 L - 2 scrolls of enchant weapon II
 N - a scroll of blinking
 Q - a scroll of identify
Jewellery
 k - a ring of poison resistance (right branch)
 s - a +4 ring of strength (left branch)
 x - an amulet of stasis (around neck)
 F - an uncursed ring of hunger
 G - an uncursed ring of flight
Potions
 g - a potion of poison {unknown}
 h - 4 potions of brilliance
 j - a potion of confusion {unknown}
 t - a potion of curing
 u - a potion of resistance
 w - 2 potions of restore abilities
 B - a potion of might
 C - a potion of cure mutation {unknown}
 I - 2 potions of porridge
 J - 3 potions of agility
 R - a potion of lignification


   Skills:
 + Level 7.5 Fighting
 * Level 9.5 Maces & Flails
 + Level 7.4 Armour
 + Level 7.5 Shields


You had 8 spell levels left.
You didn't know any spells.

Dungeon Overview and Level Annotations

Branches:
Dungeon (8/15)             Temple (1/1) D:6
   Lair: D:8-11

Altars:
Ashenzari
Cheibriados
Dithmenos
Elyvilon
Fedhas
Kikubaaqudgha
Makhleb
Nemelex Xobeh
Okawaru
Sif Muna
Vehumet
Xom
Yredelemnul
Zin
The Shining One

Shops:
D:5 *   D:7 *


Innate Abilities, Weirdness & Mutations

((You reflexively headbutt those who attack you in melee.))*
((You have a pair of horns on your head.))*


Message History

You block the hippogriff's attack.
The hippogriff pecks you but does no damage.
The hippogriff barely misses you.
The orc priest hits you but does no damage.
You thump the hippogriff!
The hippogriff is almost dead.
The hippogriff bites you but does no damage.
The hippogriff pecks you but does no damage.
You block the hippogriff's attack.
The orc priest hits you but does no damage.
You hit the hippogriff.
The hippogriff is almost dead.
The hippogriff bites you but does no damage.
The hippogriff pecks you but does no damage.
The hippogriff claws you but does no damage.
You completely miss the hippogriff.
The hippogriff is almost dead.
The orc priest calls down the wrath of Beogh upon you.
Something smites you!
You die...

...............#
...............
....####..###..###......
....#. #
............>..#.......#
#
....##....###..#....$...
............#..#.....o...
..........###((.o.......:
.##.##..#.# #(...o.......
.##.##..#.# #..####...##
........#.# #..o♣H....#
.##.##..### #..####...#
.##..# # #.... .....
.##..#............. ....
.........#####.##.#.# ...
.........# #.# .# .
.......... #.. .
.......... #.. ####......
...


You could see a hippogriff and an orc priest.

Vanquished Creatures
  Pikel (D:5)
  An orc warrior (D:8)
  An ice beast (D:5)
  An ogre (D:5)
  A giant frog (D:7)
  A big kobold (D:8)
  2 centaurs
  Blork the orc (D:4)
  3 scorpions
  A jelly (D:6)
  A crimson imp (D:5)
  A quasit (D:7)
  2 orc priests
  2 goliath beetles (D:6)
  A giant frog zombie (D:8)
  5 hounds
  5 worker ants
  3 orc wizards
  Ijyb (D:2)
  2 ogre skeletons
  A hound skeleton (D:7)
  12 adders
  5 gnolls
  2 shadow imps (D:7)
  5 worms
  2 orc skeletons (D:5)
  An adder skeleton (D:4)
  A giant gecko (D:4)
  16 orcs
  2 giant cockroaches
  12 hobgoblins
  14 jackals
  A quokka (D:5)
  11 bats
  8 giant newts
  13 goblins
  12 kobolds
  An orc zombie (D:5)
  15 rats
170 creatures vanquished.

Vanquished Creatures (others)
  A centaur skeleton (D:5)
  An iguana zombie (D:5)
  An orc (D:5)
  A hobgoblin (D:5)
  A quokka (D:5)
  An orc zombie (D:5)
  A rat (D:5)
7 creatures vanquished.

Grand Total: 177 creatures vanquished

Notes
Turn   | Place    | Note
--------------------------------------------------------------
     0 | D:1      | effractur, the Minotaur Fighter, began the quest for the Orb.
     0 | D:1      | Reached XP level 1. HP: 19/19 MP: 1/1
   332 | D:1      | Reached XP level 2. HP: 27/27 MP: 1/1
   383 | D:1      | Reached skill level 4 in Fighting
   841 | D:2      | Found a blossoming altar of Fedhas.
   858 | D:2      | Reached XP level 3. HP: 30/33 MP: 2/2
   868 | D:2      | Found a basalt altar of Yredelemnul.
   903 | D:2      | Noticed Ijyb
   921 | D:2      | Reached XP level 4. HP: 21/40 MP: 2/2
   925 | D:2      | Killed Ijyb
  1709 | D:3      | Reached XP level 5. HP: 25/47 MP: 2/2
  2044 | D:3      | Reached skill level 5 in Armour
  2053 | D:3      | Identified a +1 cloak of preservation (You found it on level 2 of the Dungeon)
  2448 | D:3      | Found a radiant altar of Vehumet.
  2491 | D:3      | Found a blossoming altar of Fedhas.
  2552 | D:4      | Noticed Blork the orc
  2557 | D:4      | Killed Blork the orc
  2557 | D:4      | Reached skill level 5 in Fighting
  2557 | D:4      | Reached skill level 5 in Maces & Flails
  2557 | D:4      | Reached XP level 6. HP: 51/56 MP: 3/3
  2800 | D:4      | Reached skill level 5 in Shields
  3352 | D:5      | Entered Level 5 of the Dungeon
  3400 | D:5      | Noticed Pikel
  3420 | D:5      | Killed Pikel
  3420 | D:5      | Reached skill level 6 in Fighting
  3420 | D:5      | Reached skill level 7 in Maces & Flails
  3420 | D:5      | Reached XP level 7. HP: 14/63 MP: 3/3
  3991 | D:5      | Reached XP level 8. HP: 66/70 MP: 3/3
  4144 | D:5      | Found Thraerph's General Store.
  4148 | D:5      | Bought a potion of restore abilities for 33 gold pieces
  4148 | D:5      | Bought a scroll of identify for 22 gold pieces
  4182 | D:5      | Reached skill level 8 in Maces & Flails
  4726 | D:6      | Found a staircase to the Ecumenical Temple.
  4790 | Temple   | Entered the Ecumenical Temple
  4808 | Temple   | Became a worshipper of Warmaster Okawaru
  5468 | D:7      | Found Zeutaphe's Assorted Antiques.
  5485 | D:7      | Bought a scroll of identify for 56 gold pieces
  5710 | D:7      | Reached skill level 9 in Maces & Flails
  6235 | D:8      | Reached XP level 9. HP: 75/79 MP: 4/4
  6449 | D:8      | HP: 3/118 [orc priest/divine providence (12)]
  6463 | D:8      | Killed from afar by an orc priest

Action                   |  1- 3 |  4- 6 |  7- 9 || total
-------------------------+-------+-------+-------++-------
Melee: Mace              |    68 |   200 |   233 ||   501
       Flail             |     3 |       |       ||     3
  Use: Scroll            |       |     4 |     7 ||    11
       Potion            |       |     4 |     1 ||     5
